PL
PORTLAND EVERGREENS @ PHOENIX HOTSPUR
09/13/2033
 
TOP OF THE 1ST
Portland Evergreens batting - Pitching for Phoenix Hotspur : LHP Wes Hamm
Pitching: LHP Wes Hamm
Batting: RHB Tae-cho Han 0-0: Foul Ball, location: 2F
0-1: Swinging Strike
0-2: Ball
1-2: Strikes out swinging
Batting: RHB Mario Castillo 0-0: Called Strike
0-1: Ball
1-1: Ball
2-1: Ball
3-1: Base on Balls
Batting: RHB Nelson Jaramillo 0-0: Called Strike
0-1: Ball
1-1: Ball
2-1: Foul Ball, location: 2F
2-2: Ball
3-2: Base on Balls
Mario Castillo to second
Batting: LHB Chris Payling 0-0: Called Strike
0-1: Ball
1-1: Ball
2-1: Foul Ball, location: 2F
2-2: Foul Ball, location: 2F
2-2: Strikes out swinging
Batting: LHB Ramón Garmendia 0-0: Called Strike
0-1: Foul Ball, location: 2F
0-2: Foul Ball, location: 2F
0-2: Ball
1-2: Ball
2-2: Strikes out swinging
Top of the 1st over - 0 runs, 0 hits, 0 errors, 2 left on base; Portland 0 - Phoenix 0
BOTTOM OF THE 1ST
Phoenix Hotspur batting - Pitching for Portland Evergreens : RHP César Albó
Pitching: RHP César Albó
Batting: RHB Pierre Bernard 0-0: SINGLE (Line Drive, 78M)
Batting: LHB Francisco García 0-0: Called Strike
0-1: SINGLE (Line Drive, 56D)
Pierre Bernard to second
Batting: LHB Tadayoshi Watanabe 0-0: Called Strike
0-1: Swinging Strike
0-2: Ball
1-2: SINGLE (Line Drive, 8RS)
Pierre Bernard to third
Francisco García to second
Batting: RHB Gabriel Pérez 0-0: Ball
1-0: Ball
2-0: Fly out, F8 (Flyball, 8RM)
Batting: RHB Kyle Bywaters 0-0: Called Strike
0-1: Ball
1-1: Ball
2-1: Fly out, F8 (Line Drive, 78M)
Batting: LHB Harumi Takaki 0-0: Foul Ball, location: 2F
0-1: SINGLE (Groundball, 34D)
Pierre Bernard scores
Francisco García to third
Tadayoshi Watanabe to second
Runner from 3rd tries for Home, throw and OUT!
Bottom of the 1st over - 1 run, 4 hits, 0 errors, 2 left on base; Portland 0 - Phoenix 1
TOP OF THE 2ND
Portland Evergreens batting - Pitching for Phoenix Hotspur : LHP Wes Hamm
Batting: LHB John Ennis 0-0: Foul Ball, location: 2F
0-1: Ground out 2-3 (Groundball, 2L)
Batting: SHB Billy Dotson 0-0: Ball
1-0: Ball
2-0: SINGLE (Line Drive, 7S)
Batting: LHB Dewitt Hopper 0-0: Ball
1-0: SINGLE (Flyball, 8LS)
Billy Dotson to second
Batting: SHB Willie McGirt 0-0: Ball
1-0: Ball
2-0: Ball
3-0: Called Strike
3-1: Base on Balls
Billy Dotson to third
Dewitt Hopper to second
Batting: RHB Tae-cho Han 0-0: Ball
1-0: Swinging Strike
1-1: Called Strike
1-2: Ball
2-2: Ball
3-2: SINGLE (Flyball, 89S)
Billy Dotson scores
Dewitt Hopper to third
Willie McGirt to second
Batting: RHB Mario Castillo 0-0: Called Strike
0-1: Ball
1-1: Foul Ball, location: 2F
1-2: Strikes out looking
Batting: RHB Nelson Jaramillo 0-0: Called Strike
0-1: GRAND SLAM HOME RUN (Flyball, 7LD), Distance : 367 ft
Batting: LHB Chris Payling 0-0: Ball
1-0: Foul Ball, location: 2F
1-1: Ground out 5-3 (Groundball, 56)
Top of the 2nd over - 5 runs, 4 hits, 0 errors, 0 left on base; Portland 5 - Phoenix 1
BOTTOM OF THE 2ND
Phoenix Hotspur batting - Pitching for Portland Evergreens : RHP César Albó
Batting: RHB Julián De Paz 0-0: Swinging Strike
0-1: Ball
1-1: Called Strike
1-2: Ground out 4-3 (Groundball, 4M)
Batting: LHB Corey Ferguson 0-0: Ball
1-0: Called Strike
1-1: Ball
2-1: Swinging Strike
2-2: Ball
3-2: Strikes out swinging
Batting: RHB Enrico Sánchez 0-0: Ball
1-0: Ball
2-0: DOUBLE (Line Drive, 7LM)
Batting: RHB Pierre Bernard 0-0: Hit by Pitch
Batting: LHB Francisco García 0-0: Ground out 1-3 (Groundball, P)
Bottom of the 2nd over - 0 runs, 1 hit, 0 errors, 2 left on base; Portland 5 - Phoenix 1
TOP OF THE 3RD
Portland Evergreens batting - Pitching for Phoenix Hotspur : LHP Wes Hamm
Batting: LHB Ramón Garmendia 0-0: Ball
1-0: Called Strike
1-1: Ball
2-1: Fly out, F7 (Flyball, 7D)
Batting: LHB John Ennis 0-0: Ball
1-0: Swinging Strike
1-1: Called Strike
1-2: Strikes out looking
Batting: SHB Billy Dotson 0-0: Called Strike
0-1: Foul Ball, location: 2F
0-2: Foul Ball, location: 2F
0-2: Strikes out swinging
Top of the 3rd over - 0 runs, 0 hits, 0 errors, 0 left on base; Portland 5 - Phoenix 1
BOTTOM OF THE 3RD
Phoenix Hotspur batting - Pitching for Portland Evergreens : RHP César Albó
Batting: LHB Tadayoshi Watanabe 0-0: Called Strike
0-1: Ball
1-1: Ball
2-1: SINGLE (Line Drive, 89S)
Batting: RHB Gabriel Pérez 0-0: Called Strike
0-1: Fly out, F8 (Flyball, 8LM)
Batting: RHB Kyle Bywaters 0-0: Ball
1-0: Grounds into double play, 6-4-3 (Groundball, 6)
Bottom of the 3rd over - 0 runs, 1 hit, 0 errors, 0 left on base; Portland 5 - Phoenix 1
TOP OF THE 4TH
Portland Evergreens batting - Pitching for Phoenix Hotspur : LHP Wes Hamm
Batting: LHB Dewitt Hopper 0-0: Called Strike
0-1: Ball
1-1: Swinging Strike
1-2: Strikes out swinging
Batting: SHB Willie McGirt 0-0: Ball
1-0: SINGLE (Groundball, 6MD)
Batting: RHB Tae-cho Han 0-0: Ball
1-0: Called Strike
1-1: Swinging Strike
1-2: Ball
2-2: Foul Ball, location: 2F
2-2: Foul Ball, location: 2F
2-2: Foul Ball, location: 2F
2-2: Strikes out swinging
Batting: RHB Mario Castillo 0-0: Foul Ball, location: 2F
0-1: Foul Ball, location: 2F
0-2: Foul Ball, location: 2F
0-2: Ground out 6-3 (Groundball, 6D)
Top of the 4th over - 0 runs, 1 hit, 0 errors, 1 left on base; Portland 5 - Phoenix 1
BOTTOM OF THE 4TH
Phoenix Hotspur batting - Pitching for Portland Evergreens : RHP César Albó
Batting: LHB Harumi Takaki 0-0: Called Strike
0-1: Called Strike
0-2: SOLO HOME RUN (Flyball, 9D), Distance : 391 ft
Batting: RHB Julián De Paz 0-0: Ball
1-0: Swinging Strike
1-1: Ball
2-1: Called Strike
2-2: Strikes out looking
Batting: LHB Corey Ferguson 0-0: Called Strike
0-1: Ball
1-1: Ball
2-1: DOUBLE (Groundball, 3L)
Batting: RHB Enrico Sánchez 0-0: Ball
1-0: Fly out, F8 (Flyball, 8RXD)
Runner from 2nd tags up, SAFE at 3rd, no throw
Batting: RHB Pierre Bernard 0-0: Ball
1-0: Ball
2-0: Called Strike
2-1: Swinging Strike
2-2: Ball
3-2: Foul Ball, location: 2F
3-2: Strikes out swinging
Bottom of the 4th over - 1 run, 2 hits, 0 errors, 1 left on base; Portland 5 - Phoenix 2
TOP OF THE 5TH
Portland Evergreens batting - Pitching for Phoenix Hotspur : LHP Wes Hamm
Batting: RHB Nelson Jaramillo 0-0: Fly out, F7 (Flyball, 7S)
Batting: LHB Chris Payling 0-0: Called Strike
0-1: Swinging Strike
0-2: Ball
1-2: Ball
2-2: Ground out 5-3 (Groundball, 56)
Batting: LHB Ramón Garmendia 0-0: Ground out U3 (Groundball, 3)
Top of the 5th over - 0 runs, 0 hits, 0 errors, 0 left on base; Portland 5 - Phoenix 2
BOTTOM OF THE 5TH
Phoenix Hotspur batting - Pitching for Portland Evergreens : RHP César Albó
Batting: LHB Francisco García 0-0: Ball
1-0: Foul Ball, location: 2F
1-1: Called Strike
1-2: Fly out, F3 (Line Drive, 3L)
Batting: LHB Tadayoshi Watanabe 0-0: Ball
1-0: Ball
2-0: Called Strike
2-1: Called Strike
2-2: Foul Ball, location: 2F
2-2: Foul Ball, location: 2F
2-2: Ground out 5-3 (Groundball, 15S)
Batting: RHB Gabriel Pérez 0-0: Called Strike
0-1: Fly out, F7 (Flyball, 7S)
Bottom of the 5th over - 0 runs, 0 hits, 0 errors, 0 left on base; Portland 5 - Phoenix 2
TOP OF THE 6TH
Portland Evergreens batting - Pitching for Phoenix Hotspur : LHP Wes Hamm
Batting: LHB John Ennis 0-0: Ground out 6-3 (Groundball, 6D)
Batting: SHB Billy Dotson 0-0: DOUBLE (Line Drive, 89D)
Batting: LHB Dewitt Hopper 0-0: Called Strike
0-1: DOUBLE (Line Drive, 9LM)
Billy Dotson scores
Batting: SHB Willie McGirt 0-0: Ball
1-0: Ball
2-0: Ball
3-0: Called Strike
3-1: Foul Ball, location: 2F
3-2: Fly out, F8 (Flyball, 8LXD)
Runner from 2nd tags up, SAFE at 3rd, no throw
Batting: RHB Tae-cho Han 0-0: Called Strike
0-1: Foul Ball, location: 2F
0-2: Ball
1-2: Ball
2-2: Ball
3-2: Foul Ball, location: 2F
3-2: SINGLE (Flyball, 8RS)
Dewitt Hopper scores
Batting: RHB Mario Castillo 0-0: Foul Ball, location: 2F
0-1: 2-RUN HOME RUN (Flyball, 7LD), Distance : 359 ft
Batting: RHB Nelson Jaramillo 0-0: Called Strike
0-1: Called Strike
0-2: Ball
1-2: Foul Ball, location: 2F
1-2: Ball
2-2: Ball
3-2: SINGLE (Line Drive, 56D)
Pitching: RHP Kenny Kawaguchi
Batting: LHB Chris Payling 0-0: Ball
1-0: SINGLE (Groundball, 4) (infield hit)
Nelson Jaramillo to second
Batting: LHB Ramón Garmendia 0-0: Ball
1-0: Ball
2-0: Ball
3-0: Fly out, F8 (Flyball, 8RM)
Top of the 6th over - 4 runs, 6 hits, 0 errors, 2 left on base; Portland 9 - Phoenix 2
BOTTOM OF THE 6TH
Phoenix Hotspur batting - Pitching for Portland Evergreens : RHP César Albó
Batting: RHB Kyle Bywaters 0-0: Ball
1-0: Ball
2-0: Foul Ball, location: 2F
2-1: SINGLE (Line Drive, 7LS)
Batting: LHB Harumi Takaki 0-0: Ball
1-0: Ball
2-0: Called Strike
2-1: Ball
3-1: Base on Balls
Kyle Bywaters to second
Batting: RHB Julián De Paz 0-0: Ball
1-0: Foul Ball, location: 2F
1-1: Foul Ball, location: 2F
1-2: Ball
2-2: Ball
3-2: Strikes out swinging
Batting: LHB Corey Ferguson 0-0: Called Strike
0-1: Ball
1-1: Swinging Strike
1-2: Fielders Choice at 2nd, 5-4 (Groundball, 5)
Kyle Bywaters to third
Batting: RHB Enrico Sánchez 0-0: Called Strike
0-1: Fly out, F8 (Flyball, 8RS)
Bottom of the 6th over - 0 runs, 1 hit, 0 errors, 2 left on base; Portland 9 - Phoenix 2
TOP OF THE 7TH
Portland Evergreens batting - Pitching for Phoenix Hotspur : RHP Kenny Kawaguchi
Batting: LHB John Ennis 0-0: SINGLE (Line Drive, 56D)
Batting: SHB Billy Dotson 0-0: Called Strike
0-1: Foul Ball, location: 2F
0-2: Grounds into double play, 1-4-3 (Groundball, 15S)
Batting: LHB Dewitt Hopper 0-0: Ball
1-0: Ball
2-0: Called Strike
2-1: Ball
3-1: Foul Ball, location: 2F
3-2: Foul Ball, location: 2F
3-2: Foul Ball, location: 2F
3-2: Base on Balls
Batting: SHB Willie McGirt 0-0: Called Strike
0-1: SINGLE (Groundball, 4MD)
Dewitt Hopper to second
Runner from 2nd tries for 3rd, SAFE, no throw
Batting: RHB Tae-cho Han 0-0: Foul Ball, location: 2F
0-1: Ball
1-1: Ball
2-1: Ball
3-1: Called Strike
3-2: Foul Ball, location: 2F
3-2: Base on Balls
Willie McGirt to second
Batting: RHB Mario Castillo 0-0: Ball
1-0: Ball
2-0: Ball
3-0: Called Strike
3-1: Base on Balls
Dewitt Hopper scores
Willie McGirt to third
Tae-cho Han to second
Batting: RHB Nelson Jaramillo 0-0: Ball
1-0: Ball
2-0: Ball
3-0: Called Strike
3-1: Called Strike
3-2: Foul Ball, location: 2F
3-2: Base on Balls
Willie McGirt scores
Tae-cho Han to third
Mario Castillo to second
Batting: LHB Chris Payling 0-0: Ball
1-0: Called Strike
1-1: Foul Ball, location: 2F
1-2: Fly out, F7 (Flyball, 78S)
Top of the 7th over - 2 runs, 2 hits, 0 errors, 3 left on base; Portland 11 - Phoenix 2
BOTTOM OF THE 7TH
Phoenix Hotspur batting - Pitching for Portland Evergreens : RHP César Albó
Batting: RHB Pierre Bernard 0-0: SINGLE (Groundball, 34D)
Batting: LHB Francisco García 0-0: Ball
1-0: Called Strike
1-1: Ball
2-1: Foul Ball, location: 2F
2-2: Fielders Choice at 2nd, 3-6 (Groundball, 34)
Pitching: LHP Shinzo Kumagai
Batting: LHB Tadayoshi Watanabe 0-0: Ball
1-0: Called Strike
1-1: Called Strike
1-2: Strikes out looking
Batting: RHB Gabriel Pérez 0-0: Ball
1-0: Ball
2-0: Foul Ball, location: 2F
2-1: Swinging Strike
2-2: Ball
3-2: Strikes out looking
Bottom of the 7th over - 0 runs, 1 hit, 0 errors, 1 left on base; Portland 11 - Phoenix 2
TOP OF THE 8TH
Portland Evergreens batting - Pitching for Phoenix Hotspur : RHP Kenny Kawaguchi
Batting: LHB Ramón Garmendia 0-0: Ground out 3-1 (Groundball, 34)
Batting: LHB John Ennis 0-0: Ball
1-0: Ball
2-0: Ball
3-0: Called Strike
3-1: Base on Balls
Batting: SHB Billy Dotson 0-0: Ball
John Ennis steals 2nd base
1-0: Ball
2-0: Foul Ball, location: 2F
2-1: Called Strike
2-2: Strikes out swinging
Batting: LHB Dewitt Hopper 0-0: Ball
1-0: Ball
2-0: Ball
3-0: Base on Balls
Batting: SHB Willie McGirt 0-0: Fly out, F8 (Flyball, 78S)
Top of the 8th over - 0 runs, 0 hits, 0 errors, 2 left on base; Portland 11 - Phoenix 2
BOTTOM OF THE 8TH
Phoenix Hotspur batting - Pitching for Portland Evergreens : LHP Shinzo Kumagai
Batting: RHB Kyle Bywaters 0-0: Called Strike
0-1: Ball
1-1: Ground out 5-3 (Groundball, 56)
Batting: LHB Harumi Takaki 0-0: Ground out 6-3 (Groundball, 6)
Batting: RHB Julián De Paz 0-0: Ball
1-0: Ball
2-0: Called Strike
2-1: Ball
3-1: Base on Balls
Batting: LHB Corey Ferguson 0-0: Foul Ball, location: 2F
0-1: Ground out 4-3 (Groundball, 4)
Bottom of the 8th over - 0 runs, 0 hits, 0 errors, 1 left on base; Portland 11 - Phoenix 2
TOP OF THE 9TH
Portland Evergreens batting - Pitching for Phoenix Hotspur : RHP Kenny Kawaguchi
Pitching: RHP Morris Prinkey
Batting: RHB Tae-cho Han 0-0: Ball
1-0: Ball
2-0: Ball
3-0: Foul Ball, location: 2F
3-1: Base on Balls
Batting: RHB Mario Castillo 0-0: Swinging Strike
0-1: Ball
1-1: Ball
2-1: Ball
3-1: Foul Ball, location: 2F
3-2: Strikes out swinging
Batting: RHB Nelson Jaramillo 0-0: Ball
1-0: Swinging Strike
1-1: Called Strike
1-2: Ball
2-2: Foul Ball, location: 2F
2-2: Foul Ball, location: 2F
2-2: Ball
3-2: SINGLE (Line Drive, 78S)
Tae-cho Han to second
Batting: LHB Chris Payling 0-0: Called Strike
0-1: SINGLE (Groundball, 4MD)
Tae-cho Han to third
Nelson Jaramillo to second
Runner from 3rd tries for Home, SAFE, throw made home
Batting: LHB Ramón Garmendia 0-0: Ball
1-0: Called Strike
Nelson Jaramillo steals 3rd base
Chris Payling to second
1-1: Ball
2-1: Foul Ball, location: 2F
2-2: Strikes out swinging
Batting: LHB John Ennis 0-0: Ball
1-0: Foul Ball, location: 2F
1-1: Ball
2-1: SINGLE (Flyball, 4MD)
Nelson Jaramillo scores
Chris Payling to third
Runner from 3rd tries for Home, SAFE, throw made home
Batting: SHB Billy Dotson 0-0: Foul Ball, location: 2F
0-1: Called Strike
0-2: Foul Ball, location: 2F
0-2: Ball
1-2: Ground out 6-3 (Groundball, 6S)
Top of the 9th over - 3 runs, 3 hits, 0 errors, 1 left on base; Portland 14 - Phoenix 2
BOTTOM OF THE 9TH
Phoenix Hotspur batting - Pitching for Portland Evergreens : LHP Shinzo Kumagai
Batting: RHB Enrico Sánchez 0-0: Ball
1-0: Ball
2-0: Called Strike
2-1: Called Strike
2-2: Fly out, F9 (Flyball, 9)
Batting: RHB Pierre Bernard 0-0: Called Strike
0-1: Ball
1-1: Foul Ball, location: 2F
1-2: Foul Ball, location: 2F
1-2: Ball
2-2: Strikes out swinging
Batting: LHB Francisco García 0-0: Ball
1-0: Ball
2-0: Called Strike
2-1: Ground out 5-3 (Groundball, 5)
Bottom of the 9th over - 0 runs, 0 hits, 0 errors, 0 left on base; Portland 14 - Phoenix 2
Saturday, December 22nd, 2018 - OOTP Baseball 18.8 Build 76